 Dungeon Crawl Stone Soup version 0.29.0-5-ge4962eb29e (webtiles) character file.

Game seed: 8851673890917341772

399 Strat the Cudgeller (level 6, 0/40 HPs)
             Began as a Gargoyle Fighter on Aug 28, 2022.
             Was an Initiate of the Shining One.
             Splashed by a jelly's acid (8 damage)
             ... on level 5 of the Dungeon.
             The game lasted 00:09:41 (1877 turns).

Strat the Cudgeller (Gargoyle Fighter)              Turns: 1877, Time: 00:09:43

Health: 0/40       AC: 12    Str: 22    XL:     6   Next: 84%
Magic:  6/6        EV:  9    Int:  8    God:    the Shining One [......]
Gold:   139        SH:  4    Dex:  9    Spells: 5/5 levels left

rFire   . . .      SeeInvis .   a - +0 mace
rCold   + . .      Faith    .   c - +0 buckler
rNeg    + . .      Spirit   .   b - +0 scale mail
rPois   ∞          Reflect  .   p - +0 helmet
rElec   +          Harm     .   i - scarf {repulsion}
rCorr   .          Rampage  .   (no gloves)
Will    .....                   (no boots)
Stlth   ..........              (no amulet)
HPRegen 0.13/turn               h - ring of protection from cold
MPRegen 0.10/turn               (no ring)

@: glowing, repel missiles
A: sickness immunity, AC +4, negative energy resistance 1, electricity
resistance, torment resistance 1, petrification resistance
a: Renounce Religion


You were on level 5 of the Dungeon.
You worshipped the Shining One.
The Shining One was noncommittal.
You visited 1 branch of the dungeon, and saw 5 of its levels.

You collected 139 gold pieces.

Inventory:

Hand Weapons
 a - a +0 mace (weapon)
 v - a +0 flail of chaos
Missiles
 q - 7 poisoned darts (quivered)
Armour
 b - a +0 scale mail (worn)
 c - a +0 buckler (worn)
 i - a scarf of repulsion (worn)
 p - a +0 helmet (worn)
 r - a +0 chain mail
Jewellery
 h - a ring of protection from cold (left hand)
 k - a ring of wizardry
 l - a ring of magical power
Wands
 s - a wand of iceblast (3)
Scrolls
 f - 2 scrolls of amnesia
 t - a scroll of immolation
Potions
 d - a potion of might
 e - 2 potions of resistance
 g - 7 potions of curing
 j - a potion of magic
 m - a potion of invisibility {unknown}
 n - 3 potions of flight {unknown}
 o - a potion of heal wounds {unknown}
 u - a potion of degeneration {unknown}
 w - a potion of lignification {unknown}
 x - a potion of haste {unknown}


   Skills:
 + Level 4.9 Fighting
 * Level 6.2 Maces & Flails
 - Level 3.2 Armour
 - Level 3.2 Shields


You had 5 spell levels left.
You didn't know any spells.
Your spell library contained the following spells:

 Spells                   Type           Power      Damage    Failure   Level
 Beastly Appendage        Tmut           0%         N/A       83%         1
 Wereblood                Tmut           0%         N/A       92%         2
 Spider Form              Tmut/Pois      0%         N/A       99%         3


Dungeon Overview and Level Annotations

Branches:
Dungeon (5/15)
 Temple: D:4-7

Altars:
Wu Jian
The Shining One


Innate Abilities, Weirdness & Mutations

You are immune to sickness and miasma.
Your stone body is resilient. (AC +4)
You are immune to poison.
You resist negative energy. (rN+)
You are resistant to electric shocks. (rElec)
You are resistant to unholy torment.
You are immune to petrification.


Message History

The jelly jiggles.
The jelly hits you but does no damage. The hound bites you.
You miss the hound.
The hound is heavily wounded.
The jelly barely misses you. The hound completely misses you.
You closely miss the hound.
The hound is heavily wounded.
The hound barely misses you. The jelly hits you but does no damage.
You block the hound's attack. The jelly hits you.
You are splashed with acid!
* * * LOW HITPOINT WARNING * * *
You hit the hound.
The hound is heavily wounded.
The hound bites you but does no damage. The jelly hits you but does no damage.
The hound barely misses you.
You hit the hound but do no damage.
The hound is heavily wounded.
The hound barely misses you. You block the jelly's attack.
You sock the hound!
You kill the hound!
You block the jelly's attack.
You sock the jelly!
Your hands burn!
* * * LOW HITPOINT WARNING * * *
The jelly is heavily wounded.
The jelly hits you.
* * * LOW HITPOINT WARNING * * *
You are splashed with acid.
* * * LOW HITPOINT WARNING * * *
You barely miss the jelly.
The jelly is heavily wounded.
The jelly hits you but does no damage.
You barely miss the jelly.
The jelly is heavily wounded.
The jelly hits you but does no damage.
You hit the jelly.
Your hands burn!
* * * LOW HITPOINT WARNING * * *
The jelly is heavily wounded.
You block the jelly's attack. The jelly hits you.
* * * LOW HITPOINT WARNING * * *
You are splashed with acid!
You die...

##### .... ...
#######+#.. ######
.......... .....#
.........# .....#
.........+ .....#
.......@.#
.....########...J.#
.....<...# #.....#
.h.......+ +.....#
'####....# #.....#
....#.............#
....#.............#
....#.............#
h...#.............#


You could see a jelly.

Vanquished Creatures
  A phantom (D:5)
  2 scorpions
  A hound (D:5)
  2 iguanas (D:4)
  Robin (D:2)
  2 adders
  A worm (D:2)
  A dart slug (D:2)
  3 orcs
  5 bats
  6 endoplasms
  2 giant cockroaches (D:4)
  12 goblins
  8 hobgoblins
  11 jackals
  8 kobolds
  3 quokkas
  5 ball pythons
  5 frilled lizards
  5 rats
84 creatures vanquished.

Notes
Turn   | Place    | Note
-------+----------+-------------------------------------------
     0 | D:1      | Strat the Gargoyle Fighter began the quest for the Orb.
     0 | D:1      | Reached XP level 1. HP: 14/14 MP: 1/1
   158 | D:1      | Reached XP level 2. HP: 19/19 MP: 2/2
   471 | D:1      | Reached skill level 3 in Maces & Flails
   487 | D:1      | Reached XP level 3. HP: 24/24 MP: 3/3
   674 | D:2      | Reached XP level 4. HP: 24/29 MP: 4/4
   788 | D:2      | Noticed Robin
  1022 | D:2      | Reached skill level 4 in Maces & Flails
  1133 | D:2      | Killed Robin
  1350 | D:4      | Reached XP level 5. HP: 33/33 MP: 5/5
  1484 | D:4      | Reached skill level 5 in Maces & Flails
  1583 | D:4      | Reached XP level 6. HP: 28/39 MP: 6/6
  1584 | D:4      | Found a glowing golden altar of the Shining One.
  1585 | D:4      | Found an ornate altar of the Wu Jian Council.
  1589 | D:4      | Became a worshipper of the Shining One
  1691 | D:5      | Entered Level 5 of the Dungeon
  1764 | D:5      | Reached skill level 6 in Maces & Flails
  1803 | D:5      | Noticed a black bear
  1877 | D:5      | Splashed by a jelly's acid

Illustrated notes

Levels and vault maps discovered:
D:1:      dpeg_arrival_signposts, layout_loops_corners,
          chequers_serial_rivers_micro_b
D:2:      layout_rooms, uniq_robin
D:3:      layout_rooms, ebering_ghost_sewer_d, minmay_fractal_squares_gapless_5,
          uniq_jessica
D:4:      layout_basic, nicolae_overflow_squiral, eino_curves_03,
          minmay_misc_feat_tiny
D:5:      layout_gridville

Skill      XL: |  1  2  3  4  5  6 |
---------------+-------------------+-----
Maces & Flails | 3 4 5 6 |  6.2
Fighting       | 4 |  4.9
Armour         | |  3.2
Shields        | |  3.2

Action                   |  1- 3 |  4- 6 || total
-------------------------+-------+-------++-------
Melee: Flail             |   136 |   122 ||   258
       Mace              |       |    44 ||    44
       Unarmed           |       |    24 ||    24
Throw: Dart              |       |     3 ||     3
  Use: Scroll            |       |     9 ||     9
Armor: Scale mail        |    89 |   132 ||   221
Dodge: Dodged            |    88 |    97 ||   185
Block: Buckler           |    41 |    41 ||    82
